 Dungeon Crawl Stone Soup version 0.30.0-29-ga12c61a403 (webtiles) character file.

Game seed: 10186927396796554683

2355 StarvingBeggar the Cudgeller (level 9, -1/72 HPs)
             Began as a Formicid Fighter on June 22, 2023.
             Was a Priest of Okawaru.
             Slain by a yak (9 damage)
             ... on level 8 of the Dungeon.
             The game lasted 00:13:55 (8068 turns).

StarvingBeggar the Cudgeller (Formicid Fighter)     Turns: 8068, Time: 00:13:55

Health: -1/72      AC: 12    Str: 30    XL:     9   Next: 71%
Magic:  10/12      EV: 14    Int:  9    God:    Okawaru [***...]
Gold:   253        SH:  6    Dex: 13    Spells: 8/8 levels left

rFire   . . .        p - +0 morningstar
rCold   . . .        c - +0 buckler
rNeg    + . .        A - +4 ring mail "Omykeid" {rElec rCorr}
rPois   .            (helmet unavailable)
rElec   +            z - +0 cloak
rCorr   +            (no gloves)
SInv    +            (no boots)
Will    .....        (no amulet)
Stlth   ++           h - +6 ring of strength
HPRegen 0.32/turn    a - ring of positive energy
MPRegen 0.13/turn

%: no passive effects
@: heroic
A: permanent stasis, dig shafts and tunnels, antennae 3, four strong arms
a: Dig, Shaft Self, Renounce Religion, Heroism


You were on level 8 of the Dungeon.
You worshipped Okawaru.
Okawaru was most pleased with you.
You visited 2 branches of the dungeon, and saw 9 of its levels.
You also visited: Ossuary.

You collected 358 gold pieces.
You spent 105 gold pieces at shops.

Inventory:

Hand Weapons
 p - a +0 morningstar (weapon)
 q - a +0 giant club
 t - a +2 heavy dire flail
Armour
 c - a +0 buckler (worn)
 z - a +0 cloak (worn)
 A - the +4 ring mail "Omykeid" (worn) {rElec rCorr}
   (You found it on level 7 of the Dungeon)

   rElec:     It insulates you from electricity.
   rCorr:     It protects you from acid and corrosion.
Jewellery
 a - a ring of positive energy (right hand)
 h - a +6 ring of strength (left hand)
 n - a ring of see invisible
Wands
 b - a wand of acid (10)
 l - a wand of roots (4)
 m - a wand of flame (3)
Scrolls
 j - a scroll of identify
 o - a scroll of enchant armour
 s - 2 scrolls of fear
 u - a scroll of fog {unknown}
 w - 3 scrolls of vulnerability {unknown}
 y - a scroll of acquirement {unknown}
 C - a scroll of enchant weapon {unknown}
 D - a scroll of blinking {unknown}
Potions
 d - 2 potions of brilliance {unknown}
 e - 2 potions of berserk rage
 f - 4 potions of degeneration {unknown}
 g - 3 potions of haste
 i - 3 potions of curing
 k - 3 potions of heal wounds {unknown}
 r - a potion of mutation {unknown}
 v - 4 potions of attraction {unknown}
 x - 2 potions of invisibility {unknown}
 B - 2 potions of might


   Skills:
 * Level 7.1(12.1) Fighting
 * Level 7.6(12.6) Maces & Flails
 + Level 5.3(10.3) Armour
 + Level 2.9(7.9) Dodging
 - Level 5.0(10.0) Shields
 + Level 4.5 Invocations
 + Level 4.1 Evocations


You had 8 spell levels left.
You didn't know any spells.
Your spell library contained the following spells:

 Spells                   Type           Power      Damage    Failure   Level
 Freeze                   Ice            0%         1d3       52%         1
 Ensorcelled Hibernation  Hex/Ice        0%         N/A       65%         2
 Lesser Beckoning         Tloc           0%         N/A       65%         2
 Static Discharge         Conj/Air       0%         2-2/arc   65%         2
 Frozen Ramparts          Ice            0%         1d1       87%         3
 Gell's Gravitas          Tloc           0%         N/A       87%         3
 Hailstorm                Conj/Ice       0%         3d3       87%         3
 Spider Form              Tmut/Pois      0%         N/A       87%         3
 Teleport Other           Tloc           0%         N/A       87%         3
 Airstrike                Air            0%         2d(0-16)  99%         4
 Anguish                  Hex/Necr       0%         N/A       99%         4
 Cause Fear               Hex            0%         N/A       99%         4
 Enfeeble                 Hex            0%         N/A       100%        7
 Summon Lightning Spire   Summ/Air       Unusable   N/A       N/A         4

Dungeon Overview and Level Annotations

Branches:
Dungeon (8/15)             Temple (1/1) D:4         Ossuary (visited)
   Lair: D:8-11

Altars:
Ashenzari
Cheibriados
Dithmenos
Elyvilon
Fedhas
Gozag
Hepliaklqana
Makhleb
Nemelex Xobeh
Okawaru
Qazlal
Ru
Sif Muna
Trog
Uskayaw
Wu Jian
Xom
Yredelemnul
The Shining One

Shops:
D:1 ?


Innate Abilities, Weirdness & Mutations

You cannot be hasted, slowed, berserked, paralysed or teleported.
You can dig through walls and to a lower floor.
You have a pair of large antennae on your head. (SInv)
Your four strong arms can wield two-handed weapons with a shield.


Message History

The bullfrog is heavily wounded.
The bullfrog hits you but does no damage.
The bullfrog hits you.
You puncture the bullfrog!
You kill the bullfrog!
Okawaru accepts your kill.
Okawaru will now gift you throwing weapons as you gain piety.
You hit the yak.
The yak is lightly wounded.
The yak barely misses you. You block the yak's attack.
You puncture the yak!
The yak is heavily wounded.
The yak completely misses you.
You thump the yak!
The yak is almost dead.
The yak gores you!
* * * LOW HITPOINT WARNING * * *
You puncture the yak!
You kill the yak!
Okawaru accepts your kill.
You barely miss the yak.
The yak is lightly wounded.
You block the yak's attack.
You puncture the yak!
The yak is heavily wounded.
The yak gores you but does no damage.
You sock the yak!
The yak is almost dead.
The yak gores you!
* * * LOW HITPOINT WARNING * * *
You closely miss the yak.
The yak is almost dead.
The yak gores you.
* * * LOW HITPOINT WARNING * * *
Okay, then.
Okay, then.
It was a potion of curing.
You feel better. You block the yak's attack.
You gain the combat prowess of a mighty hero.
The yak gores you!
You die...

***,,,***#............##.......#
,,**,,,,.......................#
,,,,,,,........................##
,,,,,,........................<..
,,,,,...........##......#........
,,,,............*#...####.)......
,,,,..........###....# #........
*,,.........$.......#* ##........
,,,............#@#*** #.#.......
*,,...........##Y# ##......^..
*,,....#.......Y### #......#...
*,,..#..........#.#####.....####.
,,*.........###..............# *.
,**.......†.###....##........# *#
*,,/..>........##..###..)...##* *
,,,....Y........#.###.........#**
,,,...............##............*


You could see 2 yaks.

Vanquished Creatures
  2 yaks (D:8)
  Edmund (D:4)
  A water moccasin (D:6)
  A sky beast (D:7)
  2 ice beasts
  An ogre (D:5)
  A centaur (D:6)
  6 bullfrogs
  A gnoll sergeant (D:6)
  A scorpion (D:6)
  A water moccasin zombie (Ossuary)
  A howler monkey (D:7)
  A crimson imp (D:6)
  3 hounds
  A jelly (D:3)
  3 orc priests
  Crazy Yiuf (D:6)
  Jessica (D:3)
  4 orc wizards
  A sleepcap (D:7)
  2 iguanas (D:5)
  2 mummies (Ossuary)
  4 gnolls (D:6)
  9 adders
  2 shadow imps
  5 white imps
  2 ufetubi
  2 adder zombies (Ossuary)
  2 worms
  3 dart slugs
  20 orcs
  7 endoplasms
  3 giant cockroaches
  A gnoll zombie (Ossuary)
  6 goblins
  14 hobgoblins
  4 jackals (D:3)
  8 kobolds
  4 quokkas
  3 ball pythons
  5 bats
  A frilled lizard (D:3)
  5 hobgoblin zombies (Ossuary)
  5 kobold zombies (Ossuary)
  5 orc zombies (Ossuary)
  5 rats
163 creatures vanquished.

Notes
Turn   | Place    | Note
-------+----------+-------------------------------------------
     0 | D:1      | StarvingBeggar the Formicid Fighter began the quest for the
                  | Orb.
     0 | D:1      | Reached XP level 1. HP: 18/18 MP: 1/1
   126 | D:1      | Found Xexeb's Magic Scroll Shoppe.
   135 | D:1      | Reached XP level 2. HP: 24/24 MP: 2/2
   393 | D:1      | Reached XP level 3. HP: 29/29 MP: 3/3
   801 | D:1      | Bought a scroll of magic mapping for 105 gold pieces
   873 | D:2      | Found an iron altar of Okawaru.
   901 | D:2      | Became a worshipper of Warmaster Okawaru
  1115 | D:2      | Identified the +0 leather armour "Nailaaty" {rF+ rC- rN+}
  1127 | D:2      | Reached XP level 4. HP: 35/35 MP: 4/4
  1438 | D:3      | Noticed Jessica
  1442 | D:3      | Killed Jessica
  1470 | D:3      | Reached XP level 5. HP: 31/41 MP: 5/5
  1762 | D:3      | Reached skill level 5 in Maces & Flails
  1762 | D:3      | Reached skill level 1 in Invocations
  1762 | D:3      | Reached XP level 6. HP: 28/48 MP: 6/6
  1831 | D:3      | Found a bloodstained altar of Trog.
  1860 | D:3      | Found a snail-covered altar of Cheibriados.
  2122 | D:3      | Reached skill level 1 in Evocations
  2477 | D:4      | Found a staircase to the Ecumenical Temple.
  2596 | D:4      | Reached * piety under Okawaru
  3035 | Temple   | Entered the Ecumenical Temple
  3199 | D:5      | Entered Level 5 of the Dungeon
  3238 | D:5      | Reached XP level 7. HP: 54/54 MP: 8/8
  3884 | D:5      | Noticed a shadow
  3885 | D:5      | Found a shadowy altar of Dithmenos.
  3886 | D:5      | Found a hazy altar of Hepliaklqana.
  3955 | D:5      | Reached skill level 5 in Shields
  4675 | D:4      | Noticed Edmund
  4689 | D:4      | Killed Edmund
  4690 | D:4      | Reached skill level 5 in Fighting
  4690 | D:4      | Reached skill level 1 in Dodging
  4690 | D:4      | Reached XP level 8. HP: 35/62 MP: 6/10
  5108 | D:6      | Reached ** piety under Okawaru
  5891 | D:6      | Found a runed translucent door.
  5892 | D:6      | Noticed Crazy Yiuf
  6071 | D:6      | Reached XP level 9. HP: 69/69 MP: 11/11
  6156 | D:6      | Found a burning altar of Makhleb.
  6277 | D:6      | Killed Crazy Yiuf
  6784 | D:7      | Identified the +4 ring mail "Omykeid" {rElec rCorr}
  6933 | D:7      | Found a sparkling altar of Nemelex Xobeh.
  7030 | D:7      | Reached skill level 5 in Armour
  7463 | D:7      | Found a stormy altar of Qazlal.
  7755 | D:8      | Found a sand-covered staircase.
  7764 | Ossuary  | Entered an ossuary
  8057 | D:8      | Reached *** piety under Okawaru
  8066 | D:8      | HP: 1/72 [yak (4)]
  8068 | D:8      | Slain by a yak

Illustrated notes

Levels and vault maps discovered:
D:1:      dpeg_arrival_yet_another_circle, layout_loops_ring, serial_shops,
          nicolae_shop_peninsula
D:2:      layout_rooms, serial_corexii_hall, corexii_hall_statues_i,
          chequers_hall_statues_corner_a, basic_altar
D:3:      layout_rooms, mainiacjoe_overflow_catwalk_spiral, uniq_jessica
D:4:      layout_basic, minmay_temple_entry_grid, uniq_edmund
D:5:      layout_loops_ring, riverfiend_overflow_shadow_ancestor
D:6:      layout_loops_ring, makhleb_grotto_becter, uniq_crazy_yiuf_cottage
D:7:      layout_basic, nicolae_overflow_hidden_temple,
          nemelex_spade_bored_becter, minivault_1
D:8:      layout_cave_pools, mainiacjoe_overflow_paths,
          nicolae_ossuary_entry_ruins, chequers_big_river, kennysheep_dice
Temple:   hc_temple_tempest_star

Skill      XL: |  1  2  3  4  5  6  7  8  9 |
---------------+----------------------------+-----
Maces & Flails | 3 4 5 6 7 |  7.6
Invocations    | 1 2 3 4 |  4.5
Evocations     | 1 2 3 4 |  4.1
Fighting       | 4 5 6 7 |  7.1
Armour         | 4 5 |  5.3
Shields        | 5 |  5.0
Dodging        | 1 2 |  2.9

Action                     |  1- 3 |  4- 6 |  7- 9 || total
---------------------------+-------+-------+-------++-------
  Melee: Flail             |    75 |   160 |       ||   235
         Mace              |       |    17 |   155 ||   172
         Morningstar       |       |       |   145 ||   145
 Invoke: Heroism           |       |       |     3 ||     3
Ability: Dig               |     1 |     7 |     2 ||    10
  Evoke: Wand              |       |     1 |       ||     1
    Use: Scroll            |     3 |     1 |     3 ||     7
         Potion            |       |     2 |     1 ||     3
 Armour: Scale mail        |    34 |    68 |    49 ||   151
         Ring mail         |       |       |    37 ||    37
  Dodge: Dodged            |    32 |    96 |   143 ||   271
  Block: Buckler           |    15 |    49 |    70 ||   134
